 Dungeon Crawl Stone Soup version 0.19.4-8-ga85b6b9 (webtiles) character file.

166 Chiseanne the Magician (level 5, 35/35 HPs)
             Began as a Demonspawn Wizard on Feb 11, 2017.
             Quit the game on level 3 of the Dungeon.
             The game lasted 00:08:40 (3521 turns).

Chiseanne the Magician (Demonspawn Wizard)          Turns: 3521, Time: 00:08:41

Health: 35/35      AC:  5    Str:  7    XL:     5   Next: 22%
Magic:  18/21      EV: 12    Int: 20    God:
Gold:   119        SH:  0    Dex: 12    Spells: 4 memorised, 4 levels left

rFire  + . .     SeeInvis .     a - +0 falchion
rCold  . . .     Gourm    .     o - +0 robe
rNeg   . . .     Faith    .     (no shield)
rPois  .         Spirit   .     b - +0 hat
rElec  .         Reflect  .     (no cloak)
rCorr  .         Harm     .     g - +0 pair of gloves
MR     .....                    (no boots)
Stlth  +++.......               (no amulet)
                                k - ring of magical power
                                f - +2 ring of protection

@: no status effects
A: hooves 1, fire resistance 1, nightstalker 1
a: no special abilities


You were on level 3 of the Dungeon.
You were not hungry.

You visited 1 branch of the dungeon, and saw 3 of its levels.

You collected 119 gold pieces.

Inventory:

Hand Weapons
 a - a +0 falchion (weapon)
 w - a +1 hunting sling of flaming
Missiles
 e - 23 stones (quivered)
 l - 48 arrows
 q - 21 poisoned needles
Armour
 b - a +0 hat (worn)
 g - a +0 pair of gloves (worn)
 o - a +0 robe (worn)
 t - a +2 shield
Jewellery
 f - a +2 ring of protection (left hand)
 k - a ring of magical power (right hand)
Scrolls
 j - a scroll of blinking
 n - 2 scrolls of remove curse
Potions
 i - a potion of mutation {unknown}
 m - a potion of ambrosia {unknown}
 s - a potion of flight
 u - a potion of curing {unknown}
Books
 c - a book of Minor Magic

   Spells                             Type                      Level
   a - Magic Dart                     Conjuration                  1
   b - Blink                          Translocation                2
   c - Call Imp                       Summoning                    2
   d - Repel Missiles                 Charms/Air                   2
   e - Slow                           Hexes                        2
   f - Conjure Flame                  Conjuration/Fire             3
   g - Mephitic Cloud                 Conjuration/Poison/Air       3
Comestibles
 d - a bread ration
 h - a slice of pizza
 p - a beef jerky
 r - 3 chunks of flesh


   Skills:
 - Level 1.7 Dodging
 - Level 1.7 Stealth
 * Level 4.7 Spellcasting
 * Level 3.3 Conjurations
   Level 1.0 Summonings
 - Level 0.8 Translocations


You had 4 spell levels left.
You knew the following spells:

 Your Spells              Type           Power        Failure   Level  Hunger
a - Magic Dart            Conj           ###.         3%          1    None
b - Blink                 Tloc           N/A          14%         2    #......
c - Conjure Flame         Conj/Fire      ##......     21%         3    ##.....
d - Mephitic Cloud        Conj/Pois/Air  #.......     24%         3    ##.....


Dungeon Overview and Level Annotations

Branches:
Dungeon (3/15)

Altars:

Annotations:
D:3 Thomus's ghost, amateur HOFi


Innate Abilities, Weirdness & Mutations

You have large cloven feet.
Your flesh is heat resistant. (rF+)
You are slightly more attuned to the shadows.


Message History

The hound closely misses you. The hound bites you but does no damage.
Casting: Magic Dart
Confirm with . or Enter, or press ? or * to list all spells.
Aiming: Magic Dart
Press: ? - help, Shift-Dir - straight line, f/p - hound
Aim: a hound (almost dead)
The magic dart hits the hound.
You kill the hound!
You have reached level 5!
Your demonic ancestry asserts itself...
Your feet thicken and deform.
You see here a hound corpse.
You butcher the hound corpse.
r - 3 chunks of flesh (gained 1)
Found 22 sling bullets.
Things that are here:
a whip; a kobold corpse You hear the rapid rusting of a drain nearby.
You hear the rapid rusting of a drain nearby.
Are you sure you want to abandon this character and quit the game? (Confirm with "yes".)

..#. ....# (....
....# ..... ...>.#
....###########....#
#...........##....# .
###.........#.......#
.
#.....@......##.#.###
#.#......>...##....#
. #..........####..#
.
#..........####..###
.
#..................#
##........#####....#
....?..........####
#..............##
.........#


There were no monsters in sight!

Vanquished Creatures
  A hound (D:3)
  5 adders (D:2)
  An ooze (D:1)
  A worm (D:2)
  2 dart slugs (D:2)
  3 leopard geckos
  5 orcs (D:2)
  11 bats
  4 giant cockroaches
  8 goblins
  4 hobgoblins
  7 jackals
  2 quokkas
  A ball python (D:1)
  6 frilled lizards
  3 kobolds
  6 rats
70 creatures vanquished.

Notes
Turn   | Place    | Note
-------+----------+-------------------------------------------
     0 | D:1      | Chiseanne the Demonspawn Wizard began the quest for the Orb.
     0 | D:1      | Reached XP level 1. HP: 13/13 MP: 4/4
   129 | D:1      | Gained mutation: Your flesh is heat resistant. (rF+) [demonic ancestry]
   129 | D:1      | Reached XP level 2. HP: 7/19 MP: 0/6
  1141 | D:1      | Reached XP level 3. HP: 15/24 MP: 1/8
  1265 | D:1      | Learned a level 3 spell: Mephitic Cloud
  1269 | D:1      | Learned a level 3 spell: Conjure Flame
  1272 | D:1      | Learned a level 2 spell: Blink
  2094 | D:2      | Gained mutation: You are slightly more attuned to the shadows. [demonic ancestry]
  2094 | D:2      | Reached XP level 4. HP: 24/30 MP: 4/9
  2185 | D:2      | Reached skill level 4 in Spellcasting
  3168 | D:3      | Noticed Thomus's ghost (amateur HOFi)
  3477 | D:3      | Gained mutation: You have large cloven feet. [demonic ancestry]
  3477 | D:3      | Reached XP level 5. HP: 35/35 MP: 11/12
  3521 | D:3      | Quit the game

Skill      XL: |  1  2  3  4 |
---------------+-------------+-----
Conjurations   | 2 3 |  3.3
Spellcasting   | 4 |  4.7
Dodging        | |  1.7
Stealth        | |  1.7
Summonings     | |  1.0
Translocations | |  0.8

Action                   |  1- 3 |  4- 6 || total
-------------------------+-------+-------++-------
Melee: Club              |    44 |       ||    44
       Falchion          |       |     8 ||     8
 Fire: Hunting sling     |       |     4 ||     4
 Cast: Magic Dart        |    92 |    84 ||   176
  Use: Scroll            |     6 |     3 ||     9
 Stab: Sleeping          |       |     1 ||     1
  Eat: Chunk             |     4 |     4 ||     8
Armor: Robe              |    31 |    13 ||    44
Dodge: Dodged            |    63 |    32 ||    95
       Rpst.: Falchion   |       |    11 ||    11
